 Dungeon Crawl Stone Soup version 0.19.1 (webtiles) character file.

143 Daunt the Conjurer (level 5, -2/45 HPs)
             Began as a Draconian Conjurer on Nov 30, 2016.
             Slain by an orc warrior
             ... wielding a +0 mace
              (12 damage)
             ... on level 3 of the Dungeon.
             The game lasted 00:08:05 (3181 turns).

Daunt the Conjurer (Draconian Conjurer)             Turns: 3181, Time: 00:08:06

Health: -2/45      AC:  8    Str: 11    XL:     5   Next: 4%
Magic:  0/8        EV: 13    Int: 16    God:
Gold:   87         SH:  0    Dex: 11    Spells: 1 memorised, 7 levels left

rFire  . . .     SeeInvis .     c - -1 club (curse)
rCold  . . .     Gourm    .     (armour unavailable)
rNeg   . . .     Faith    .     (no shield)
rPois  .         Spirit   .     (helmet restricted)
rElec  .         Reflect  .     (no cloak)
rCorr  .         Harm     .     (no gloves)
MR     .....     Rnd*Tele +     l - +2 pair of boots
Stlth  ++........               (no amulet)
                                (no ring)
                                t - ring of teleportation (curse)

@: very slightly contaminated
A: unfitting armour, cold-blooded, AC +5
a: no special abilities


You were on level 3 of the Dungeon.
You were hungry.

You visited 1 branch of the dungeon, and saw 3 of its levels.

You collected 87 gold pieces.

Inventory:

Hand Weapons
 c - a cursed -1 club (weapon)
 d - a +0 spear
 e - a +1 club
Armour
 l - a +2 pair of boots (worn)
Jewellery
 t - a cursed ring of teleportation (left hand)
Wands
 v - a wand of disintegration (20/24)
Scrolls
 g - a scroll of fog
 j - 2 scrolls of enchant armour
 n - a scroll of remove curse {unknown}
 o - a scroll of random uselessness
 q - a scroll of identify
Potions
 f - 2 potions of haste
 h - 3 potions of might {unknown}
 k - a potion of flight {unknown}
 m - 3 potions of agility {unknown}
 r - a potion of brilliance {unknown}
 s - a potion of cancellation {unknown}
 u - a potion of mutation {unknown}
Books
 a - a book of Conjurations

   Spells                             Type                      Level
   a - Magic Dart                     Conjuration                  1
   b - Searing Ray                    Conjuration                  2
   c - Dazzling Spray                 Conjuration/Hexes            3
   d - Fulminant Prism                Conjuration/Hexes            4
   e - Iskenderun's Mystic Blast      Conjuration                  4
   f - Iskenderun's Battlesphere      Conjuration/Charms           5
Comestibles
 b - 2 bread rations
 i - a beef jerky
 p - 4 meat rations
 w - 2 chunks of flesh
 x - a slice of pizza


   Skills:
 + Level 3.4 Fighting
 + Level 3.6 Dodging
 - Level 1.7 Stealth
 - Level 2.0 Spellcasting
 - Level 4.0 Conjurations


You had 7 spell levels left.
You knew the following spells:

 Your Spells              Type           Power        Failure   Level  Hunger
a - Magic Dart            Conj           ##..         4%          1    #......


Dungeon Overview and Level Annotations

Branches:
Dungeon (3/15)

Altars:
Sif Muna


Innate Abilities, Weirdness & Mutations

Your plain brown scales are hard. (AC +5)
You cannot fit into any form of body armour.
You are cold-blooded and may be slowed by cold attacks.


Message History

The orc wizard hits you but does no damage.
Casting: Magic Dart
Confirm with . or Enter, or press ? or * to list all spells.
Aiming: Magic Dart
Press: ? - help, Shift-Dir - straight line, f/p - orc wizard
Aim: an orc wizard, wielding a dagger and wearing a robe (heavily wounded)
You miscast Magic Dart.
You smell something strange.
The orc warrior misses you.
The orc wizard hits you but does no damage.
You hit the orc wizard but do no damage.
Your tail-slap misses the orc wizard.
The orc wizard is heavily wounded.
The orc warrior hits you with a mace!
* * * LOW HITPOINT WARNING * * *
The orc wizard hits you but does no damage.
You hit the orc wizard but do no damage.
The orc wizard is heavily wounded.
The orc wizard gestures wildly while chanting.
The orc wizard seems to speed up.
The orc warrior hits you with a mace!
You die...

#######..#..((..........#
#..##.#..##########
#.o####(.# #........########
##..o..(.##.....#
######o###.###.##### #o#
#.##......# #o# #.##.<###.#
######## #@# #.#.......#
...<...#######o###.#...##.)#
.#...o....(...).....##..#
#.#<#####.....#.....##..#
#.###.#.# ##...#####......#
#.......# ##.## #####.##
#####.### #.# #.# #.# #.#
#.# ... ##'## #.#


You could see an orc warrior, an orc wizard and 2 orcs.

Vanquished Creatures
  An orc wizard (D:3)
  An iguana (D:3)
  3 adders
  A worm (D:2)
  2 leopard geckos (D:3)
  4 orcs (D:3)
  3 bats (D:2)
  2 giant cockroaches
  10 goblins
  3 hobgoblins
  3 jackals (D:2)
  4 quokkas
  4 frilled lizards
  6 kobolds
  5 rats
52 creatures vanquished.

Notes
Turn   | Place    | Note
-------+----------+-------------------------------------------
     0 | D:1      | Daunt the Draconian Conjurer began the quest for the Orb.
     0 | D:1      | Reached XP level 1. HP: 14/14 MP: 3/3
   300 | D:1      | Reached skill level 1 in Fighting
   448 | D:1      | Reached XP level 2. HP: 23/23 MP: 0/5
  1206 | D:2      | Reached XP level 3. HP: 22/29 MP: 0/6
  1868 | D:2      | Found a deep blue altar of Sif Muna.
  2207 | D:3      | Reached XP level 4. HP: 37/37 MP: 3/7
  2996 | D:3      | Reached XP level 5. HP: 33/45 MP: 0/8
  3092 | D:3      | Noticed an orc warrior
  3181 | D:3      | Slain by an orc warrior

Skill      XL: |  1  2  3  4 |
---------------+-------------+-----
Fighting       | 1 2 3 |  3.4
Dodging        | 2 3 |  3.6
Stealth        | |  1.7
Spellcasting   | |  2.0
Conjurations   | |  4.0

Action                   |  1- 3 |  4- 6 || total
-------------------------+-------+-------++-------
Melee: Club              |    54 |    24 ||    78
       Tailslap          |     8 |     2 ||    10
 Cast: Magic Dart        |    95 |    45 ||   140
  Use: Scroll            |     5 |       ||     5
  Eat: Chunk             |     6 |     3 ||     9
Armor: Skin              |    19 |    21 ||    40
Dodge: Dodged            |    48 |    37 ||    85
